 Dungeon Crawl Stone Soup version 0.23.2-1-ga50397a (webtiles) character file.

Game seed: 6193017987984263956

35 eccles the Skirmisher (level 3, -3/30 HPs)
             Began as a Demonspawn Abyssal Knight on Apr 29, 2019.
             Was a Follower of Lugonu.
             Slain by a gnoll
             ... wielding a +0 flail
              (9 damage)
             ... on level 1 of the Dungeon.
             The game lasted 00:07:44 (976 turns).

eccles the Skirmisher (Demonspawn Abyssal Knight)    Turns: 976, Time: 00:07:45

Health: -3/30      AC:  3    Str: 13    XL:     3   Next: 16%
Magic:  5/5        EV: 16    Int: 13    God:    Lugonu [*.....]
Gold:   85         SH:  0    Dex: 17    Spells: 2/2 levels left

rFire    . . .     SeeInvis .   a - +1 falchion
rCold    . . .     Gourm    .   (no shield)
rNeg     . . .     Faith    .   b - +0 leather armour
rPois    .         Spirit   .   (no helmet)
rElec    .         Reflect  .   (no cloak)
rCorr    .         Harm     .   (no gloves)
MR       .....                  (no boots)
Stlth    ++........             (no amulet)
HPRegen  0.10/turn              (no ring)
MPRegen  0.09/turn              (no ring)

@: agile
A: powered by pain 1
a: Depart the Abyss, Renounce Religion


You were on level 1 of the Dungeon.
You worshipped Lugonu.
Lugonu was aware of your devotion.
You were not hungry.

You visited 1 branch of the dungeon, and saw 2 of its levels.
You visited the Abyss 1 time.

You collected 85 gold pieces.

Inventory:

Hand Weapons
 a - a +1 falchion (weapon)
Armour
 b - a +0 leather armour (worn)
Scrolls
 d - a scroll of amnesia {unknown}
 e - a scroll of enchant weapon {unknown}
 h - a scroll of identify {unknown}
 j - 3 scrolls of noise {unknown}
Potions
 g - a potion of agility {unknown}
 i - a potion of haste {unknown}
Comestibles
 c - 2 rations
 f - 3 chunks of flesh


   Skills:
 * Level 3.7 Fighting
 * Level 2.4 Long Blades
 + Level 1.7 Armour
 + Level 1.0 Dodging
 * Level 2.7 Invocations


You had 2 spell levels left.
You didn't know any spells.
Your spell library was empty.

Dungeon Overview and Level Annotations

Branches:
Dungeon (2/15)

Altars:


Innate Abilities, Weirdness & Mutations

You sometimes gain a little power by taking damage.


Message History

You feel stronger. The gnoll completely misses you.
The gnoll closely misses you.
You riposte.
You hit the gnoll.
The gnoll is lightly wounded.
The gnoll completely misses you.
You riposte.
You hit the gnoll.
The gnoll is lightly wounded.
You see here a +0 club.
You see here a +0 short sword.
There is a stone staircase leading up here.
The gnoll misses you.
You riposte.
You hit the gnoll.
The gnoll is lightly wounded.
You climb upwards.
There is a stone staircase leading down here.
You open the door. The gnoll closely misses you.
You riposte.
You hit the gnoll.
The gnoll is severely wounded.
There is an open door here.
There is an open door here.
You open the door. The gnoll hits you with a +0 flail!
You die...

###..## ##.####.###.#.#
...##.# #.# #.###.#.##
#.##.## #.####........#
#.#.# ##......######.#
....# ##...##### #)#
..#.# ##.....## ###.#
.##.###.......## ##.#.#
##..##.........####....#
# #..'.........'@g.....#
#.##.........####....#
#.###.......## ##.#.#
.#.# ##.....## ###.#
#.#.# ##...## ###.#
.##.# ##'## #...# ##..#
#.# #.### #..##
###.####### #.# ....#
#.........# #.##


You could see a gnoll.

Vanquished Creatures
  A gnoll (D:2)
  A dart slug (D:1)
  A giant cockroach (D:1)
  2 goblins
  4 hobgoblins (D:1)
  3 jackals (D:1)
  3 kobolds
  A ball python (D:1)
  2 bats (D:1)
  A frilled lizard (D:1)
  3 rats (D:1)
22 creatures vanquished.

Notes
Turn   | Place    | Note
-------+----------+-------------------------------------------
     0 | Abyss:1  | eccles the Demonspawn Abyssal Knight began the quest for
                  | the Orb.
     0 | Abyss:1  | Reached XP level 1. HP: 18/18 MP: 2/2
     0 | Abyss:1  | Found a hazy altar of Hepliaklqana.
    39 | Abyss:1  | Noticed a quasit
    43 | D:1      | Escaped the Abyss
    99 | D:1      | Reached skill level 1 in Dodging
   418 | D:1      | Gained mutation: You sometimes gain a little power by
                  | taking damage. [demonic ancestry]
   418 | D:1      | Reached XP level 2. HP: 20/24 MP: 3/3
   555 | D:1      | Reached * piety under Lugonu
   934 | D:2      | HP: 1/25 [gnoll/+0 spear (1)]
   936 | D:2      | Reached XP level 3. HP: 2/30 MP: 5/5
   976 | D:1      | Slain by a gnoll

Skill      XL: |  1 |
---------------+----+-----
Dodging        | 1 |  1.0
Long Blades    | 2 |  2.4
Fighting       | |  3.7
Armour         | |  1.7
Invocations    | |  2.7

Action                   || total
-------------------------++-------
Melee: Falchion          ||    56
Invok: Depart the Abyss  ||     1
Armor: Leather armour    ||    10
Dodge: Dodged            ||    30
       Rpst.: Falchion   ||    12
